 Dungeon Crawl Stone Soup version 0.31-a0-174-g85c54bcb58 (webtiles) character file.

Game seed: 10387175315884293249

172 qw the Chopper (level 5, -1/32 HPs)
             Began as a Gargoyle Fighter on June 15, 2023.
             Slain by a shadow imp (2 damage)
             ... summoned by Eustachio
             ... on level 4 of the Dungeon.
             The game lasted 00:01:04 (2204 turns).

qw the Chopper (Gargoyle Fighter)                   Turns: 2204, Time: 00:01:05

Health: -1/32      AC: 12    Str: 20    XL:     5   Next: 52%
Magic:  5/5        EV: 10    Int:  8    God:
Gold:   141        SH:  5    Dex: 15    Spells: 4/4 levels left

rFire   x . .        Y - +0 war axe
rCold   + . .        c - +0 buckler
rNeg    + . .        b - +0 scale mail
rPois   inf          (no helmet)
rElec   +            (no cloak)
rCorr   .            p - +0 pair of gloves
SInv    +            (no boots)
Will    .....        (no amulet)
Stlth   +            n - +6 ring of dexterity
HPRegen 0.25/turn    h - ring of Royalty {Ice rPois Str-2 SInv Stlth+}
MPRegen 0.09/turn

%: no passive effects
@: about to teleport
A: sickness immunity, AC +4, negative energy resistance 1, electricity
resistance, torment resistance 1, petrification resistance
a: no special abilities


You were on level 4 of the Dungeon.
You visited 1 branch of the dungeon, and saw 4 of its levels.

You collected 141 gold pieces.


Innate Abilities, Weirdness & Mutations

You are immune to sickness and miasma.
Your stone body is resilient. (AC +4)
You are immune to poison.
You resist negative energy. (rN+)
You are resistant to electric shocks. (rElec)
You are resistant to unholy torment.
You are immune to petrification.


   Skills:
 - Level 3.2 Fighting
 + Level 4.7 Axes
 - Level 3.2 Armour
 - Level 1.3 Dodging
 - Level 3.2 Shields


You had 4 spell levels left.
You didn't know any spells.
Your spell library was empty.

Inventory:

Hand Weapons
 e - a +0 flail
 Y - a +0 war axe (weapon)
Missiles
 i - 4 boomerangs
 m - a silver boomerang (quivered)
Armour
 b - a +0 scale mail (worn)
 c - a +0 buckler (worn)
 p - a +0 pair of gloves (worn)
 r - a +0 chain mail
Jewellery
 h - the ring of Royalty (right hand) {Ice rPois Str-2 SInv Stlth+}
   (You acquired it on level 3 of the Dungeon)

   [ring of ice]

   It enhances your ice magic.
   Str:       It affects your strength (-2).
   rF:        It makes you vulnerable to fire.
   rC:        It protects you from cold.
   rPois:     It protects you from poison.
   SInv:      It lets you see invisible.
   Stlth:     It makes you more stealthy.
 n - a +6 ring of dexterity (left hand)
Scrolls
 a - 3 scrolls of identify
 g - a scroll of teleportation
Potions
 d - 2 potions of might
 f - 2 potions of attraction {unknown}
 j - a potion of brilliance {unknown}
 k - a potion of curing {unknown}
 l - a potion of degeneration {unknown}
 o - a potion of lignification {unknown}
 q - a potion of mutation {unknown}

Dungeon Overview and Level Annotations

Branches:
Dungeon (4/15)
 Temple: D:4-7

Altars:
Dithmenos
Gozag
Xom
Yredelemnul

Shops:
D:4 =

Annotations:
D:4 Eustachio


Message History

You barely miss the iron imp.
The iron imp is moderately wounded.
You completely miss the shadow imp. You barely miss the iron imp.
The shadow imp hits you.
The iron imp hits you but does no damage.
You barely miss the iron imp.
The iron imp is moderately wounded.
You barely miss the shadow imp. You barely miss the iron imp.
You block the shadow imp's attack. You block the iron imp's attack.
The iron imp hits you but does no damage.
You slash the iron imp!
You kill the iron imp!
The iron imp disappears in a puff of smoke!
You hit the shadow imp but do no damage.
You hit the iron imp.
Eustachio mumbles some strange words.
Eustachio blinks!
The shadow imp hits you. The iron imp hits you.
You hit the iron imp but do no damage.
The iron imp is lightly wounded.
You closely miss the shadow imp. You hit the shadow imp.
You block the shadow imp's attack. The shadow imp barely misses you.
The shadow imp hits you but does no damage.
The iron imp barely misses you. The shadow imp hits you.
You hit the shadow imp.
The shadow imp is severely wounded.
You barely miss the shadow imp. You barely miss the iron imp.
The shadow imp gestures at you. Pain shoots through your body!
The shadow imp gestures at you. Pain shoots through your body!
The iron imp hits you.
2203 ||| READING 2 scrolls of teleportation.
As you read the scroll of teleportation, it crumbles to dust.
You feel strangely unstable.
The shadow imp hits you but does no damage. x2
The iron imp hits you.
You slash the shadow imp!
You kill the shadow imp!
You barely miss the shadow imp. You slash the iron imp!
The shadow imp hits you.
You die...

##...........#
....<........###########
.......................#
..######....#..........#
..#......._.#..........#
..#.........# .........#
###...b.....#####.)....#
..#....b....'...#5.....#
..+.........#...@@.....#
.##....###..##..#5.....#
.##....###..##..#......#
..#.....#...########....
..#b....#....# ...
..'.....#....# ..
..#.....'....# .
.###..######## ####..#


You could see Eustachio, an iron imp (summoned) and a shadow imp (summoned).

Vanquished Creatures
  2 hounds (D:4)
  An iguana (D:4)
  4 adders
  A shadow imp (D:4)
  A worm (D:3)
  An orc (D:4)
  7 endoplasms
  A giant cockroach (D:3)
  2 goblins (D:4)
  6 hobgoblins
  7 jackals
  2 quokkas
  2 ball pythons
  2 bats (D:1)
  2 frilled lizards
  6 kobolds
  3 rats (D:1)
50 creatures vanquished.

Notes
Turn   | Place    | Note
-------+----------+-------------------------------------------
     0 | D:1      | qw the Gargoyle Fighter began the quest for the Orb.
     0 | D:1      | Reached XP level 1. HP: 14/14 MP: 1/1
     0 | D:1      | 0 ||| qw: Version: 0.2-a-29-g511e9b1
     0 | D:1      | 0 ||| qw: Game counter: 5440
     0 | D:1      | 0 ||| qw: Always use a shield: true
     0 | D:1      | 0 ||| qw: God list: Okawaru
     0 | D:1      | 0 ||| qw: Allow faded altars: false
     0 | D:1      | 0 ||| qw: Do Orc after D:15 true
     0 | D:1      | 0 ||| qw: Do second Lair branch before Depths: true
     0 | D:1      | 0 ||| qw: Lair rune preference: random
     0 | D:1      | 0 ||| qw: Plans: Normal, Zot:1-4, Slime:5, God:TSO, Crypt,
                  | Tomb, Abyss, Pan, Hells, Win
     0 | D:1      | 0 ||| PLANNING D:1-11
    94 | D:1      | Reached skill level 2 in Axes
   376 | D:1      | 376 ||| Stepping ~*~*~tactically~*~*~ (stealth).
   380 | D:1      | Reached XP level 2. HP: 17/19 MP: 2/2
   703 | D:1      | 703 ||| READING 2 scrolls labelled TAELOOZ CINASCH.
   704 | D:1      | 704 ||| READING scroll labelled WARROU TE KUA.
   705 | D:1      | 705 ||| READING scroll labelled SOTHRY DUOCEOVE.
   710 | D:1      | 710 ||| READING scroll labelled AFFEMU CIDDAOR.
   730 | D:2      | 730 ||| STAIRDANCE
   733 | D:2      | 733 ||| STAIRDANCE
   736 | D:1      | Reached skill level 3 in Axes
   736 | D:1      | Reached XP level 3. HP: 20/23 MP: 3/3
   827 | D:2      | 827 ||| Stepping ~*~*~tactically~*~*~ (stealth).
   932 | D:2      | 932 ||| Stepping ~*~*~tactically~*~*~ (stealth).
   957 | D:2      | Found a faded altar of an unknown god.
  1018 | D:2      | Found a shadowy altar of Dithmenos.
  1141 | D:2      | 1141 ||| Stepping ~*~*~tactically~*~*~ (stealth).
  1279 | D:2      | 1279 ||| READING scroll labelled ZAOCETRURCHE.
  1280 | D:2      | 1280 ||| READING scroll labelled TUOXKA JIMOICW.
  1281 | D:2      | 1281 ||| READING 2 scrolls of identify.
  1281 | D:2      | 1281 ||| IDENTIFYING blue potion
  1282 | D:2      | 1282 ||| DROPPING potion of enlightenment.
  1377 | D:3      | Reached XP level 4. HP: 28/28 MP: 4/4
  1378 | D:3      | 1378 ||| Stepping ~*~*~tactically~*~*~ (stealth).
  1385 | D:3      | Reached skill level 4 in Axes
  1807 | D:3      | Found a shadowy altar of Dithmenos.
  1875 | D:3      | Found a basalt altar of Yredelemnul.
  1876 | D:3      | 1876 ||| UPGRADING to +0 pair of gloves.
  1881 | D:3      | 1881 ||| UPGRADING to +6 ring of dexterity.
  1882 | D:3      | 1882 ||| READING scroll labelled OZIM NUIHOAPPY.
  1883 | D:3      | 1883 ||| READING scroll labelled LEBUM KIOQAU.
  1883 | D:3      | Identified a scroll of acquirement
  1883 | D:3      | 1883 ||| ACQUIRING ring of Royalty {Ice rPois Str-2 SInv
                  | Stlth+}
  1883 | D:3      | Acquired the ring of Royalty {Ice rPois Str-2 SInv Stlth+}
  1885 | D:3      | 1885 ||| UPGRADING to ring of Royalty {Ice rPois Str-2 SInv
                  | Stlth+}.
  1931 | D:4      | 1931 ||| Stepping ~*~*~tactically~*~*~ (stealth).
  1933 | D:4      | 1933 ||| Stepping ~*~*~tactically~*~*~ (stealth).
  1955 | D:4      | Found Latall's Jewellery Emporium.
  1959 | D:4      | 1959 ||| SHOPLISTING +4 ring of protection (360 gold, have
                  | 104).
  1959 | D:4      | 1959 ||| SHOPLISTING +5 ring of evasion (360 gold, have
                  | 104).
  1959 | D:4      | 1959 ||| SHOPLISTING +6 ring of dexterity (360 gold, have
                  | 104).
  1959 | D:4      | 1959 ||| SHOPLISTING amulet of faith (400 gold, have 104).
  1959 | D:4      | 1959 ||| SHOPLISTING amulet of regeneration (300 gold, have
                  | 104).
  1959 | D:4      | 1959 ||| SHOPLISTING ring of protection from cold (250
                  | gold, have 104).
  1959 | D:4      | 1959 ||| SHOPLISTING ring of protection from fire (250
                  | gold, have 104).
  1959 | D:4      | 1959 ||| SHOPLISTING ring of see invisible (150 gold, have
                  | 104).
  1971 | D:4      | Reached skill level 1 in Dodging
  1999 | D:4      | Found an opulent altar of Gozag.
  2043 | D:4      | 2043 ||| Stepping ~*~*~tactically~*~*~ (stealth).
  2045 | D:4      | 2045 ||| Stepping ~*~*~tactically~*~*~ (stealth).
  2047 | D:4      | 2047 ||| Stepping ~*~*~tactically~*~*~ (stealth).
  2048 | D:4      | 2048 ||| Stepping ~*~*~tactically~*~*~ (stealth).
  2055 | D:4      | Reached XP level 5. HP: 32/32 MP: 5/5
  2109 | D:4      | Found a shimmering altar of Xom.
  2186 | D:4      | Noticed Eustachio
  2187 | D:4      | 2187 ||| Stepping ~*~*~tactically~*~*~ (hiding).
  2202 | D:4      | HP: 7/32 [iron imp[Eustachio] (2)]
  2203 | D:4      | 2203 ||| READING 2 scrolls of teleportation.
  2203 | D:4      | HP: 1/32 [iron imp[Eustachio] (6)]
  2204 | D:4      | Slain by a shadow imp

Levels and vault maps discovered:
D:1:      dpeg_arrival_concentric_ovals, layout_basic
D:2:      layout_basic, basic_altar, chequers_ecumenical_altar_grove
D:3:      layout_loops_ring, mainiacjoe_overflow_big_doors
D:4:      layout_gridville, nicolae_hepliaklqana_hazy_memory, xom_butterflies,
          mainiacjoe_overflow_paths, serial_shops, shop, uniq_eustachio

Skill      XL: |  1  2  3  4 |
---------------+-------------+-----
Axes           | 2 3 4 |  4.7
Dodging        | 1 |  1.3
Fighting       | |  3.2
Armour         | |  3.2
Shields        | |  3.2

Action                     |  1- 3 |  4- 6 || total
---------------------------+-------+-------++-------
  Melee: War axe           |    99 |    44 ||   143
  Throw: Boomerang         |    14 |    27 ||    41
    Use: Scroll            |     7 |     3 ||    10
 Armour: Scale mail        |    56 |    26 ||    82
  Dodge: Dodged            |    57 |    16 ||    73
  Block: Buckler           |    17 |    16 ||    33

Table legend:
 A = Non-vault XP
 B = Vault XP
 C = Vault XP percentage of total XP
 D = Non-vault monster count
 E = Vault monster count
 F = Vault count percentage of total count
                 A         B        C        D         E       F
            +---------+---------+-------+---------+---------+-------
      Total |     258 |       0 |   0.0 |      50 |       0 |   0.0
            +---------+---------+-------+---------+---------+-------
        D:1 |      35 |       0 |   0.0 |      17 |       0 |   0.0
        D:2 |      45 |       0 |   0.0 |      18 |       0 |   0.0
        D:3 |      38 |       0 |   0.0 |       6 |       0 |   0.0
        D:4 |     140 |       0 |   0.0 |       9 |       0 |   0.0
            +---------+---------+-------+---------+---------+-------
